 Dungeon Crawl Stone Soup version 0.28-a0-1002-gf00fe891ef (webtiles) character file.

Game seed: 7107333335765935979

399 lessens the Slicer (level 7, -2/41 HPs)
             Began as a Kobold Cinder Acolyte on Dec 6, 2021.
             Was a High Priest of Ignis.
             Slain by an orc (5 damage)
             ... on level 4 of the Dungeon.
             The game lasted 00:07:02 (4652 turns).

lessens the Slicer (Kobold Cinder Acolyte)          Turns: 4652, Time: 00:07:02

Health: -2/41      AC:  2    Str: 14    XL:     7   Next: 10%
Magic:  8/8        EV: 13    Int: 15    God:    Ignis [*****.]
Gold:   162        SH:  0    Dex: 10    Spells: 8/8 levels left

rFire   + . .      SeeInvis .   a - -1 short sword (flame)
rCold   . . .      Faith    .   (shield restricted)
rNeg    . . .      Spirit   .   b - +0 robe
rPois   .          Reflect  .   (no helmet)
rElec   .          Harm     .   (no cloak)
rCorr   .          Rampage  .   (no gloves)
Will    .....                   (no boots)
Stlth   ++........              (no amulet)
HPRegen 0.13/turn               (no ring)
MPRegen 0.11/turn               (no ring)

@: brilliant, slowed, very slow
A: small, no large weapons, nightstalker 3
a: Renounce Religion, Fiery Armour, Foxfire Swarm, Rising Flame


You were on level 4 of the Dungeon.
You worshipped Ignis.
Ignis was extremely pleased with you.
You visited 1 branch of the dungeon, and saw 4 of its levels.
You also visited: Ossuary.

You collected 162 gold pieces.

Inventory:

Hand Weapons
 a - a -1 short sword of flaming (weapon)
 n - a +0 dagger
Missiles
 h - 158 stones (quivered)
 q - 6 boomerangs
Armour
 b - a +0 robe (worn)
Wands
 e - a wand of paralysis (9)
 g - a wand of acid (1)
Scrolls
 c - a scroll of noise {unknown}
 d - a scroll of silence {unknown}
 i - a scroll of immolation {unknown}
 j - a scroll of amnesia {unknown}
 k - 6 scrolls of identify {unknown}
 o - a scroll of enchant weapon {unknown}
 p - a scroll of teleportation {unknown}
 w - a scroll of summoning {unknown}
Potions
 m - a potion of degeneration {unknown}
 r - a potion of haste
 s - a potion of might {unknown}
 t - a potion of attraction {unknown}
 u - a potion of flight {unknown}
 v - a potion of resistance {unknown}
 x - a potion of magic {unknown}


   Skills:
 - Level 3.2 Fighting
 * Level 9.7 Short Blades
 - Level 1.1 Spellcasting
 - Level 3.0 Fire Magic


You had 8 spell levels left.
You didn't know any spells.
Your spell library contained the following spells:

 Spells                   Type           Power      Damage    Failure   Level
 Scorch                   Fire           30%        2d7       11%         2
 Animate Skeleton         Necr           2%         N/A       24%         1
 Apportation              Tloc           2%         N/A       24%         1
 Summon Small Mammal      Summ           4%         N/A       24%         1
 Fireball                 Conj/Fire      4%         3d4       98%         5
 Iskenderun's Battlesphe  Conj           1%         2d6       100%        5
 Conjure Ball Lightning   Conj/Air       0%         3x3d6     100%        6
 Orb of Destruction       Conj           0%         N/A       100%        7


Dungeon Overview and Level Annotations

Branches:
Dungeon (4/15)            Ossuary (visited)
 Temple: D:4-7

Altars:

Annotations:
D:4 Natasha


Innate Abilities, Weirdness & Mutations

You are small and have problems with some larger weapons.
You are completely attuned to the shadows.


Message History

You barely miss the orc.
The orc is lightly wounded.
The orc barely misses you.
You hit the orc. You burn the orc.
You kill the orc!
The orc barely misses you. Natasha casts a spell at you.
You feel yourself slow down.
Aiming: Corrosive Bolt
Press: ? - help, Shift-Dir - straight line, f - Natasha
Aim: Natasha (64% to hit)
The bolt of acid hits Natasha!
The acid corrodes Natasha!
Natasha is severely wounded.
The orc hits you from afar with a +0 trident.
* * * LOW HITPOINT WARNING * * *
The iron imp puffs mist at you.
Natasha casts a spell.
Okay, then.
Unknown command.
The iron imp shouts, "Quit, thou pox-marked toenail-biting erk!"
The orc misses you.
Natasha drinks a potion.
Natasha is healed!
The orc barely misses you. Natasha completely misses you.
Things that are here:
a +0 whip; a +0 chain mail You closely miss Natasha.
The orc hits you with a +0 trident.
* * * LOW HITPOINT WARNING * * *
Natasha claws you but does no damage.
You closely miss Natasha. The orc closely misses you.
Natasha barely misses you.
You closely miss Natasha. The orc barely misses you.
You hit Natasha. You burn Natasha.
Natasha is moderately wounded.
The iron imp disappears in a puff of smoke!
Natasha casts a spell.
An ogre comes into view. It is wielding a +0 giant club.
The orc barely misses you.
It was a potion of brilliance.
You feel clever all of a sudden. Natasha closely misses you.
The orc hits you with a +0 trident.
You die...

.## #.........#.#
..###.........#.#.
...##......#..#.#.
...###..#####.#.#
...##...# #.#
.####...# #.# ###
## #...# #.# ....
# #...#
#.######### #...#
#...@h5.... ##...#
#####o..##
###....# #5..#
##......## ###O#
.........# #.....
.........# #.....
.........# #.....
.........# ......
.##......#


You could see an ogre, 2 iron imps, Natasha (corroded) and an orc.

Vanquished Creatures
  A necrophage (D:3)
  A howler monkey (D:4)
  Natasha (D:4)
  2 orc wizards
  2 mummies
  4 adders
  An ufetubus (D:4)
  A worm (D:3)
  A dart slug (D:2)
  6 orcs
  7 spectral bats (Ossuary)
  4 endoplasms
  3 giant cockroaches
  12 gnoll zombies (Ossuary)
  5 goblins
  4 hobgoblins
  6 jackals
  2 quokkas
  10 ball pythons
  7 bats
  5 bat simulacra (Ossuary)
  3 frilled lizards
  4 goblin simulacra (Ossuary)
  3 goblin zombies (Ossuary)
  5 hobgoblin zombies
  2 kobolds
  5 kobold simulacra (Ossuary)
  5 kobold zombies (Ossuary)
  7 orc zombies
  8 rats
  4 rat simulacra (Ossuary)
  2 spectral goblins (Ossuary)
  4 spectral kobolds (Ossuary)
  A spectral rat (Ossuary)
138 creatures vanquished.

Notes
Turn   | Place    | Note
-------+----------+-------------------------------------------
     0 | D:1      | lessens the Kobold Cinder Acolyte began the quest for the
                  | Orb.
     0 | D:1      | Reached XP level 1. HP: 14/14 MP: 2/2
   106 | D:1      | Reached XP level 2. HP: 16/19 MP: 3/3
   266 | D:1      | Reached skill level 5 in Short Blades
   351 | D:1      | Found a faded altar of an unknown god.
   407 | D:1      | You fall into a shaft and drop 1 floor!
   469 | D:1      | Reached XP level 3. HP: 21/23 MP: 4/4
  1447 | D:2      | Reached skill level 6 in Short Blades
  1551 | D:2      | Reached XP level 4. HP: 28/28 MP: 5/5
  1869 | D:3      | Noticed a necrophage
  1877 | D:3      | Killed a necrophage
  1878 | D:3      | Reached skill level 7 in Short Blades
  1878 | D:3      | Reached XP level 5. HP: 17/32 MP: 6/6
  2407 | D:3      | Reached skill level 8 in Short Blades
  2541 | D:3      | Reached XP level 6. HP: 37/37 MP: 7/7
  2884 | D:4      | Noticed Natasha
  2895 | D:4      | Killed Natasha
  2996 | D:4      | Found a sand-covered staircase.
  3011 | Ossuary  | Entered an ossuary
  3448 | Ossuary  | Reached skill level 9 in Short Blades
  4392 | D:4      | Reached XP level 7. HP: 26/40 MP: 8/8
  4619 | D:4      | Noticed Natasha
  4648 | D:4      | HP: 2/41 [orc (6)]
  4652 | D:4      | Slain by an orc

Illustrated notes

Levels and vault maps discovered:
D:1:      mrwooster_arrival_statue, layout_rooms,
          hellmonk_ecumenical_altar_arch_garden
D:2:      layout_basic, hangedman_decor_points
D:3:      layout_rooms, kennysheep_generic_room_12
D:4:      layout_cave_pods, nicolae_ossuary_entry_giza, serial_shops,
          nicolae_inconvenience_store, uniq_natasha

Skill      XL: |  1  2  3  4  5  6 |
---------------+-------------------+-----
Short Blades   | 5 6 7 8 9 |  9.7
Fighting       | |  3.2
Spellcasting   | |  1.1
Fire Magic     | |  3.0

Action                   |  1- 3 |  4- 6 |  7- 9 || total
-------------------------+-------+-------+-------++-------
Melee: Short sword       |    89 |   371 |    25 ||   485
Evoke: Wand              |       |     3 |     1 ||     4
  Use: Potion            |       |       |     2 ||     2
 Stab: Sleeping          |    10 |    12 |     1 ||    23
       Distracted        |     1 |       |       ||     1
Armor: Robe              |    17 |    45 |     1 ||    63
Dodge: Dodged            |    49 |   215 |    30 ||   294

Table legend: (Time is in decaauts)
 A = Elapsed time spent in this place.
 B = Non-inter-level travel time spent in this place.
 C = Inter-level travel time spent in this place.
 D = Time resting spent in this place.
 E = Time spent auto-exploring this place.
 F = Levels seen in this place.
 G = Mean time per level.
                   A        B        C        D        E       F      G
               +--------+--------+--------+--------+--------+-----+--------+
         Total |   4509 |   4441 |     68 |    182 |   3342 |   5 |  901.8 |
       Dungeon |   3578 |   3510 |     68 |      0 |   2860 |   4 |  894.5 |
       Ossuary |    931 |    931 |      0 |    182 |    482 |   1 |  931.0 |
               +--------+--------+--------+--------+--------+-----+--------+

Top non-repeatable levels by time:
     D:2: 1136 daAuts
     D:3: 944 daAuts
 Ossuary: 931 daAuts
     D:4: 813 daAuts
     D:1: 685 daAuts
